 Dungeon Crawl Stone Soup version 0.29.1-15-g9cfb28693d (webtiles) character file.

Game seed: 9011711581599454699

161 Mickster the Cutter (level 5, -3/40 HPs)
             Began as a Minotaur Wanderer on Mar 13, 2023.
             Slain by an ogre
             ... wielding a +0 giant club
              (17 damage)
             ... on level 4 of the Dungeon.
             The game lasted 00:28:27 (3627 turns).

Mickster the Cutter (Minotaur Wanderer)             Turns: 3627, Time: 00:28:27

Health: -3/40      AC:  7    Str: 18    XL:     5   Next: 19%
Magic:  4/4        EV: 11    Int:  7    God:
Gold:   184        SH:  0    Dex: 14    Spells: 2/5 levels left

rFire   . . .      SeeInvis .   k - +2 whip (flame)
rCold   . . .      Faith    .   (no shield)
rNeg    . . .      Spirit   .   f - +0 leather armour
rPois   .          Reflect  .   (helmet restricted)
rElec   .          Harm     .   (no cloak)
rCorr   .          Rampage  .   (no gloves)
Will    .....      Rage     3%  (no boots)
Stlth   +.........              (no amulet)
HPRegen 0.13/turn               b - +4 ring of protection
MPRegen 0.09/turn               (no ring)

@: very slow
A: horns 2, retaliatory headbutt, hooves 1, thin skeletal structure 1, berserk
1, subdued magic 1
a: no special abilities


You were on level 4 of the Dungeon.
You visited 1 branch of the dungeon, and saw 4 of its levels.

You collected 184 gold pieces.

Inventory:

Hand Weapons
 a - a +2 short sword
 k - a +2 whip of flaming (weapon)
 q - a +2 sling of flaming
Missiles
 c - 11 poisoned darts (quivered)
 j - 12 stones
Armour
 f - a +0 leather armour (worn)
 g - a +0 ring mail
 l - a +0 scale mail
 r - a +0 leather armour
Jewellery
 b - a +4 ring of protection (left hand)
Scrolls
 e - 4 scrolls of blinking
 o - a scroll of identify
Potions
 i - a potion of curing


   Skills:
 + Level 1.5 Fighting
 - Level 4.5 Short Blades
 * Level 1.7 Maces & Flails
 + Level 2.4 Ranged Weapons
 + Level 3.6 Throwing
 + Level 2.3 Armour
 + Level 0.5 Dodging
 + Level 1.2 Stealth
 * Level 0.6 Spellcasting


You had 2 spell levels left.
You knew the following spells:

 Your Spells              Type           Power      Damage    Failure   Level
a - Sublimation of Blood  Necr           0%         N/A       58%         2
b - Sting                 Tmut/Pois      0%         1d3       43%         1

Your spell library contained the following spells:

 Spells                   Type           Power      Damage    Failure   Level
 Summon Small Mammal      Summ           0%         N/A       43%         1
 Poisonous Vapours        Pois/Air       0%         N/A       58%         2
 Wereblood                Tmut           0%         N/A       58%         2
 Call Canine Familiar     Summ           0%         N/A       82%         3
 Summon Guardian Golem    Hex/Summ       0%         N/A       82%         3
 Olgreb's Toxic Radiance  Pois           0%         N/A       99%         4
 Summon Hydra             Summ           0%         N/A       100%        7


Dungeon Overview and Level Annotations

Branches:
Dungeon (4/15)
 Temple: D:4-7

Altars:
Kikubaaqudgha
Ru

Portals:
Sewer: D:4


Innate Abilities, Weirdness & Mutations

You have a pair of horns on your head.
You reflexively headbutt those who attack you in melee.
You have large cloven feet.
You have a somewhat thin skeletal structure. (Dex +2, Stealth+)
You sometimes lose your temper in combat.
Your spells are a little easier to cast, but a little less powerful.


Message History

You hear the slow rusting of a very distant drain.
You start resting.
You hear the slow rusting of a very distant drain.
You start resting.
You hear the slow rusting of a very distant drain.
Unknown command.
You start resting.
HP restored.
You hear the rusting of a very distant drain.
Really walk into that teleport trap? [Y]es or [N]o only, please.
Really walk into that teleport trap?
You enter a teleport trap!
The teleport trap disappears.
Your surroundings suddenly seem different.
Found a leather armour.
A rat comes into view.
Found 6 stones.
Found a glowing drain.
You hit the rat. You burn the rat.
You kill the rat!
An ogre comes into view. It is wielding a +0 giant club.
You see here a rat corpse.
A rat comes into view.
Cast which spell? (? or * to list)
You can't see any susceptible monsters within range! (Use Z to cast anyway.)
A rat and a giant cockroach come into view.
The ogre shouts!
You enter the shallow water.
Moving in this stuff is going to be slow.
A goblin comes into view. It is wielding a +0 dagger.
The ogre hits you with a +0 giant club!
The goblin shouts!
Your unstable footing causes you to fumble your attack.
The giant cockroach closely misses you. You furiously retaliate!
You headbutt the giant cockroach!
You kill the giant cockroach!
The ogre hits you with a +0 giant club! The rat bites you but does no damage.
Your unstable footing causes you to fumble your attack.
The rat barely misses you. The rat completely misses you.
The ogre hits you with a +0 giant club!
You die...

.... #(# .... #.# .....
#.##########.....
####................
#...................
#...........~Og...#
#.###..........~@r~~..#
#[.........†...~r∩~~....
####.......#..~~~~~..#.
#.............~~~...#
#....#####..........#
#........##...........
#....##..##.#.####....
#...#. #.##.#.# ...#
#.... .. .......


You could see an ogre, a goblin and 2 rats.

Vanquished Creatures
  Jessica (D:2)
  Terence (D:2)
  An iguana (D:4)
  2 adders
  2 worms (D:2)
  3 dart slugs (D:2)
  4 ball pythons
  2 endoplasms
  6 giant cockroaches
  5 hobgoblins
  2 jackals (D:1)
  4 kobolds
  3 quokkas (D:2)
  2 bats
  4 frilled lizards (D:1)
  5 goblins
  11 rats
58 creatures vanquished.

Notes
Turn   | Place    | Note
-------+----------+-------------------------------------------
     0 | D:1      | Mickster the Minotaur Wanderer began the quest for the Orb.
     0 | D:1      | Mickster set off with the following items: a +2 short
                  | sword, a +0 sling, 7 poisoned darts, a +0 dagger, a scroll
                  | of blinking, a +0 leather armour.
     0 | D:1      | Reached XP level 1. HP: 16/16 MP: 0/0
    57 | D:1      | Found a faded altar of an unknown god.
   177 | D:1      | Reached XP level 2. HP: 23/23 MP: 1/1
   567 | D:1      | Reached skill level 4 in Short Blades
  1138 | D:2      | Noticed Jessica
  1148 | D:2      | Killed Jessica
  1149 | D:2      | Reached skill level 1 in Armour
  1149 | D:2      | Reached XP level 3. HP: 20/28 MP: 2/2
  1443 | D:2      | Reached XP level 4. HP: 35/35 MP: 3/3
  1632 | D:2      | Noticed Terence
  1650 | D:2      | Killed Terence
  1981 | D:2      | Learned a level 2 spell: Sublimation of Blood
  2226 | D:2      | Reached skill level 1 in Maces & Flails
  3027 | D:3      | Learned a level 1 spell: Sting
  3208 | D:3      | Gained mutation: You have large cloven feet. [potion of
                  | mutation]
  3208 | D:3      | Gained mutation: You sometimes lose your temper in combat.
                  | [potion of mutation]
  3208 | D:3      | Gained mutation: Your spells are a little easier to cast,
                  | but a little less powerful. [potion of mutation]
  3208 | D:3      | Gained mutation: You have a somewhat thin skeletal
                  | structure. (Dex +2, Stealth+) [potion of mutation]
  3260 | D:3      | Found an ancient bone altar of Kikubaaqudgha.
  3261 | D:3      | Found a sacrificial altar of Ru.
  3419 | D:4      | Reached XP level 5. HP: 22/40 MP: 4/4
  3617 | D:4      | Found a glowing drain.
  3618 | D:4      | Noticed an ogre
  3627 | D:4      | Slain by an ogre

Illustrated notes

Levels and vault maps discovered:
D:1:      dpeg_arrival_shrine, layout_basic,
          ebering_ecumenical_altar_sacrificial
D:2:      minmay_alternating_diamond, layout_loops_cross, chequers_jeans,
          kennysheep_generic_room_3, uniq_jessica, uniq_terence
D:3:      layout_loops_ring, jmf_multi_god_temple,
          chequers_temple_overflow_statue_of_worship
D:4:      layout_basic, portal_sewer_entry_a, st_stairs_13,
          minmay_curled_crystal, chequers_avenue, minmay_manual_monstrance

Skill      XL: |  1  2  3  4 |
---------------+-------------+-----
Short Blades   | 4 |  4.5
Armour         | 1 2 |  2.3
Maces & Flails | 1 |  1.7
Fighting       | |  1.5
Ranged Weapons | |  2.4
Throwing       | |  3.6
Dodging        | |  0.5
Stealth        | |  1.2
Spellcasting   | |  0.6

Action                   |  1- 3 |  4- 6 || total
-------------------------+-------+-------++-------
Melee: Short sword       |    79 |       ||    79
       Headbutt          |    11 |    10 ||    21
       Punch             |     1 |       ||     1
       Whip              |       |    66 ||    66
       Kick              |       |     4 ||     4
Throw: Dart              |     3 |     5 ||     8
  Use: Scroll            |     2 |     3 ||     5
       Potion            |     1 |     5 ||     6
 Stab: Sleeping          |       |     1 ||     1
Armor: Leather armour    |    17 |    27 ||    44
Dodge: Dodged            |    39 |    45 ||    84
